Map: Acid Plant LE

Players

Tobmob

  • Race: Zerg Zerg
  • League: Platinum
  • Spawn Location: 5:00

Swatopluke - Winner!

  • Race: Protoss Protoss
  • League: Platinum
  • Spawn Location: 11:00

VOD

Have the link to the VOD?

Description

Time

  • Played on: Nov. 13, 2018, 4:53 p.m.
  • Length: 13:56
Show
View Real Time Build Order
Export as new Build Order

Tobmob Zerg 

Build Orders: Hatch First 

Get SALT Encoding   

  12  0:01  Drone  
  13  0:12  Overlord  
  13  0:19  Drone  
  14  0:31  Drone x2  
  14  0:35  Drone  
  17  0:54  Hatchery  
  17  0:57  Drone  
  17  1:00  Drone  
  17  1:03  Extractor  
  17  1:07  Drone  
  18  1:22  Spawning Pool  
  18  1:23  Drone  
  18  1:29  Drone  
  19  1:39  Overlord  
  19  2:09  Queen, Metabolic Boost  
  19  2:10  Queen  
  19  2:11  Zergling x6  
  19  2:15  Drone  
  27  2:18  Drone  
  27  2:22  Drone  
  29  2:42  Overlord  
  29  2:45  Queen  
  31  2:54  Zergling x2  
  31  2:55  Zergling x2  
  33  3:05  Zergling x4  
  34  3:11  Hatchery  
  33  3:16  Drone  
  33  3:17  Drone x2  
  33  3:18  Drone  
  37  3:23  Overlord  
  37  3:42  Zergling x4  
  37  3:43  Zergling x4  
  39  3:52  Zergling x6  
  40  4:00  Zergling x4  
  40  4:07  Zergling x4  
  40  4:08  Zergling x4  
  41  4:23  Drone x4  
  45  4:31  Queen  
  47  4:34  Drone x6  
  53  4:41  Extractor, Drone x2  
  53  4:42  Drone  
  55  4:48  Baneling Nest  
  49  4:55  Evolution Chamber  
  45  5:01  Zergling x4  
  45  5:02  Zergling x6  
  50  5:07  Lair  
  50  5:09  Drone  
  50  5:10  Drone x3  
  54  5:18  Zergling x8  
  58  5:21  Spore Crawler  
  57  5:29  Spore Crawler  
  57  5:33  Zerg Melee Weapons Level 1  
  53  5:46  Drone  
  53  5:47  Drone x2  
  56  5:54  Drone x2  
  58  5:57  Overlord x2  
  58  6:11  Baneling x6  
  58  6:15  Queen x3  
  64  6:21  Drone x6  
  64  6:22  Drone x3  
  73  6:29  Centrifical Hooks  
  73  6:46  Zergling x10  
  73  6:47  Zergling x12  
  66  6:55  Drone x3  
  66  7:00  Drone x3  
  71  7:01  Hydralisk Den  
  71  7:05  Queen  
  71  7:07  Drone x2  
  74  7:08  Extractor  
  74  7:09  Drone  
  74  7:10  Overlord  
  74  7:13  Baneling  
  74  7:25  Baneling x6  
  74  7:26  Baneling x3  
  74  7:35  Overlord x2  
  74  7:37  Zergling x12  
  71  7:45  Hatchery  
  71  7:46  Zergling x2  
  71  7:47  Zergling x10  
  76  7:53  Drone x4  
  76  7:57  Grooved Spines  
  80  8:13  Pneumatized Carapace  
  80  8:23  Extractor, Drone x3  
  80  8:24  Drone x5  
  87  8:35  Drone x2  
  87  8:36  Extractor, Drone  
  87  8:37  Extractor, Drone x3  
  88  8:44  Drone  
  89  9:02  Overlord x2  
  89  9:03  Drone x3  
  89  9:04  Drone x2  
  89  9:05  Drone x3  
  89  9:09  Muscular Augments  
  97  9:10  Queen  
  99  9:24  Zerg Missile Weapons Level 1  
  95  9:34  Hydralisk x12  
  95  9:35  Hydralisk x2  
  119  9:52  Spore Crawler  
  98  10:19  Zergling x20  
  84  10:22  Hydralisk x5  
  84  10:23  Hydralisk x5  
  104  10:30  Hydralisk x2  
  104  10:34  Zergling x2  
  109  10:39  Queen  
  109  10:41  Hatchery  
  103  10:44  Baneling x6  
  103  10:45  Baneling x9  
  99  10:54  Hydralisk x5  
  86  11:07  Zergling x2  
  86  11:08  Zergling x16  
  86  11:10  Overlord x3  
  87  11:11  Hydralisk  
  87  11:18  Drone  
  90  11:28  Hydralisk x3  
  90  11:29  Hydralisk x5  
  90  11:32  Hatchery  
  86  11:55  Hydralisk x4  
  86  11:56  Hydralisk x3  
  92  12:10  Zergling x2  
  92  12:11  Zergling x28  
  97  12:29  Hydralisk x6  
  109  12:42  Baneling x6  
  109  12:58  Drone x2  
  109  12:59  Drone x4  
  115  13:06  Extractor  
  115  13:08  Hatchery  
  115  13:12  Extractor  
  82  13:24  Hydralisk x5  
  82  13:25  Hydralisk x6  
Show
View Real Time Build Order
Export as new Build Order

Swatopluke Protoss - Winner!

Build Orders: Mass Adepts 

Get SALT Encoding   

  12  0:00  Probe  
  13  0:12  Probe  
  14  0:17  Pylon  
  14  0:25  Probe  
  15  0:34  Probe  
  15  0:36  Gateway  
  15  0:42  Probe  
  17  0:52  Probe  
  17  0:55  Assimilator  
  18  1:02  Gateway  
  18  1:04  Probe  
  19  1:12  Assimilator  
  19  1:22  Cybernetics Core  
  19  1:23  Probe  
  20  1:35  Pylon  
  20  1:36  Probe  
  21  1:48  Probe  
  21  1:50  Warp Gate  
  21  1:51  Adept  
  22  1:57  Pylon  
  22  1:59  Adept  
  26  2:10  Probe  
  26  2:14  Gateway  
  27  2:23  Twilight Council  
  27  2:30  Adept  
  29  2:37  Adept  
  31  2:47  Probe  
  32  2:57  Adept  
  32  2:58  Resonating Glaives  
  32  3:06  Adept  
  32  3:09  Adept  
  36  3:23  Probe  
  37  3:34  Stargate  
  37  3:35  Probe  
  38  3:59  Nexus  
  34  4:15  Oracle  
  34  4:17  Adept  
  34  4:18  Adept x2  
  36  4:30  Pylon  
  39  4:33  Pylon  
  31  5:00  Adept  
  31  5:01  Adept x2  
  31  5:06  Oracle  
  40  5:09  Charge  
  40  5:15  Shield Battery  
  40  5:17  Probe x2  
  41  5:25  Probe  
  43  5:40  Adept x3  
  49  5:50  Probe x2, Assimilator  
  49  5:54  Oracle  
  54  6:01  Adept x2  
  58  6:04  Adept  
  60  6:29  Probe x2  
  62  6:41  Probe  
  56  7:00  Adept x2  
  56  7:01  Adept  
  56  7:04  Probe x2  
  58  7:08  Oracle, Templar Archives  
  61  7:16  Probe x2  
  61  7:17  Gateway  
  61  7:20  Gateway  
  63  7:23  Zealot, Gateway  
  63  7:24  Zealot x2  
  69  7:30  Pylon  
  69  7:32  Pylon  
  51  7:49  Adept x3  
  55  7:51  Psionic Storm  
  55  7:58  Probe  
  56  8:15  Probe x2  
  56  8:17  High Templar  
  56  8:19  Zealot x2  
  64  8:25  High Templar  
  66  8:27  Zealot  
  66  8:28  Zealot  
  66  8:30  Archon  
  66  8:33  Probe, Nexus  
  66  8:34  Probe  
  69  8:46  High Templar  
  69  8:48  Probe x2  
  70  8:55  Zealot x2  
  70  8:56  Zealot  
  70  8:58  Probe x2  
  70  9:02  Assimilator  
  78  9:06  Probe x2  
  78  9:14  Probe  
  80  9:18  High Templar, Assimilator  
  79  9:40  High Templar  
  79  9:44  Probe x2  
  79  9:45  Nexus  
  83  9:47  High Templar  
  85  9:57  Probe  
  86  10:05  Pylon  
  86  10:07  Pylon, Probe  
  86  10:09  Pylon x2  
  86  10:12  Pylon  
  83  10:22  High Templar  
  83  10:23  Zealot x3  
  83  10:24  Zealot  
  89  10:32  Archon x2  
  87  10:49  High Templar x3  
  93  10:50  Zealot  
  93  10:51  Zealot  
  73  11:05  High Templar  
  73  11:11  Probe x2  
  75  11:12  Probe  
  75  11:15  Assimilator  
  75  11:18  High Templar  
  78  11:23  Probe x2  
  78  11:24  Gateway  
  80  11:26  Oracle  
  80  11:27  Zealot x4, Gateway  
  80  11:29  Gateway  
  80  11:30  Archon  
  91  11:37  Probe x2  
  91  11:38  Probe  
  92  11:49  Probe  
  79  11:57  High Templar x3  
  79  11:58  Zealot x3  
  79  12:17  Probe x2  
  79  12:21  Probe  
  82  12:28  High Templar x3  
  82  12:29  Probe  
  89  12:30  Zealot x4  
  89  12:31  Zealot  
  89  12:33  Nexus  
  99  12:37  Archon  
  99  12:39  Archon  
  89  13:18  High Templar x2  
  89  13:19  High Templar x3  
  90  13:20  Zealot x3  
  90  13:21  Zealot  
  98  13:37  Probe x2  
Tags
 
Composition
Mass Adepts
Matchup
PvZ
Replay Pack
Swatopluke
Spawn Locations
Cross Positions
Add a new tag
Caveats
  • Supply blocks, unpowered buildings, or Contaminate may cause inaccurate times.
  • Supply counts are checked every 10 seconds.